 Dungeon Crawl Stone Soup version 0.30.0-20-g3b4254fcbd (webtiles) character file.

Game seed: 16816211857587978620

254 IndexError the Conjurer (level 5, 0/38 HPs)
             Began as a Draconian Conjurer on June 2, 2023.
             Slain by a gnoll bouda
             ... wielding a +0 club
              (2 damage)
             ... on level 4 of the Dungeon.
             The game lasted 00:04:53 (4041 turns).

IndexError the Conjurer (Draconian Conjurer)        Turns: 4041, Time: 00:04:54

Health: 0/38       AC:  5    Str:  9    XL:     5   Next: 91%
Magic:  0/11       EV: 12    Int: 21    God:
Gold:   125        SH:  0    Dex:  9    Spells: 9/12 levels left

rFire   . . .        b - +0 rapier
rCold   . . .        (no shield)
rNeg    . . .        (body armour unavailable)
rPois   .            (helmet restricted)
rElec   .            (no cloak)
rCorr   .            (no gloves)
SInv    .            (no boots)
Will    .....        (no amulet)
Stlth   ++           e - ring of wizardry {Wiz+, !d}
HPRegen 0.26/turn    (no ring)
MPRegen 0.12/turn

%: wizardry (x1)
@: weakened
A: AC +5, unfitting armour, cold-blooded
a: no special abilities


You were on level 4 of the Dungeon.
You visited 1 branch of the dungeon, and saw 4 of its levels.

You collected 125 gold pieces.

Inventory:

Hand Weapons
 b - a +0 rapier (weapon)
   (You found it on level 1 of the Dungeon)
Armour
 o - a +0 pair of gloves
   (You found it on level 3 of the Dungeon)
Magical Staves
 g - a staff of cold {rC+}
   (You found it on level 1 of the Dungeon)
Jewellery
 e - a ring of wizardry (left hand) {Wiz+, !d}
   (You found it on level 1 of the Dungeon)
Wands
 r - a wand of flame (13)
   (You found it on level 3 of the Dungeon)
Scrolls
 d - 2 scrolls of teleportation {unknown}
 f - 2 scrolls of magic mapping {unknown}
 h - a scroll of immolation {unknown}
 i - 3 scrolls of identify {unknown}
 j - a scroll of acquirement {unknown}
 m - a scroll of enchant weapon {unknown}
 q - a scroll of amnesia {unknown}
Potions
 a - a potion of magic
 c - a potion of lignification {unknown}
 k - 2 potions of mutation {unknown}
 l - 2 potions of curing {unknown}
 n - a potion of flight {unknown}
 p - a potion of heal wounds {unknown}
 s - a potion of brilliance {unknown}


   Skills:
 - Level 1.7 Dodging
 - Level 1.7 Stealth
 + Level 4.2 Spellcasting
 + Level 5.8 Conjurations


You had 9 spell levels left.
You knew the following spells:

 Your Spells              Type           Power      Damage    Failure   Level
a - Magic Dart            Conj           100%       1d8       1%          1
b - Searing Ray           Conj           58%        2d6       1%          2

Your spell library contained the following spells:

 Spells                   Type           Power      Damage    Failure   Level
 Beastly Appendage        Tmut           8%         N/A       4%          1
 Dazzling Flash           Conj/Hex       32%        N/A       4%          3
 Mephitic Cloud           Conj/Pois/Air  12%        N/A       6%          3
 Poisonous Vapours        Pois/Air       8%         N/A       8%          2
 Wereblood                Tmut           4%         N/A       8%          2
 Spider Form              Tmut/Pois      4%         N/A       14%         3
 Fulminant Prism          Conj/Hex       8%         3d7       14%         4
 Iskenderun's Mystic Bla  Conj/Tloc      16%        2d5       14%         4
 Freezing Cloud           Conj/Ice/Air   6%         6-21      47%         5


Dungeon Overview and Level Annotations

Branches:
Dungeon (4/15)
 Temple: D:4-7

Altars:
Ru

Annotations:
D:3 3 runed translucent doors, Graphine's ghost, amateur MfBr


Innate Abilities, Weirdness & Mutations

Your plain brown scales are hard. (AC +5)
You cannot fit into any form of body armour.
You are cold-blooded and may be slowed by cold attacks.


Message History

You hit the gnoll bouda but do no damage.
You tail-slap the gnoll bouda, but do no damage.
The gnoll bouda misses you.
You hit the gnoll bouda.
The gnoll bouda gazes fiercely through you!
You feel as though you will be weak longer.
The gnoll bouda closely misses you.
You hit the gnoll bouda but do no damage.
The gnoll bouda prays to its god.
The gnoll bouda is healed somewhat.
You hit the gnoll bouda but do no damage.
The gnoll bouda misses you. The gnoll bouda closely misses you.
You hit the gnoll bouda. The gnoll bouda closely misses you.
You hit the gnoll bouda but do no damage.
The gnoll bouda hits you with a +0 club.
You take 5 damage, and have 18/38 hp.
You hit the gnoll bouda but do no damage.
Your tail-slap misses the gnoll bouda.
The gnoll bouda completely misses you.
You barely miss the gnoll bouda.
Your tail-slap misses the gnoll bouda.
The gnoll bouda misses you.
Casting: Magic Dart (safe; 1% risk of failure)
Confirm with . or Enter, or press ? or * to list all spells.
Aiming: Searing Ray (safe; 1% risk of failure)
Press: ? - help, Shift-Dir - straight line, f/p - gnoll bouda
Aim: a gnoll bouda, wielding a +0 club and wearing the +1 ring mail "Oseu" {rElec Str+2 Slay-5} (heavily wounded, 85% to hit)
The searing ray hits the gnoll bouda but does no damage. (Press . to maintain the ray.)
The gnoll bouda gazes fiercely through you!
You feel as though you will be weak longer.
The gnoll bouda misses you.
You now have 3/11 mp.
The searing ray misses the gnoll bouda.
The gnoll bouda hits you with a +0 club.
You take 6 damage, and have 13/38 hp.
You now have 2/11 mp.
The searing ray hits the gnoll bouda but does no damage.
The gnoll bouda hits you but does no damage.
You now have 1/11 mp.
The searing ray hits the gnoll bouda!
You finish channelling your searing ray.
The gnoll bouda barely misses you.
You now have 0/11 mp.
You are too injured to fight recklessly!
You hit the gnoll bouda but do no damage.
The gnoll bouda mumbles some strange prayers to its god.
The gnoll bouda is healed somewhat.
The gnoll bouda barely misses you.
You hit the gnoll bouda but do no damage.
The gnoll bouda hits you with a +0 club.
You take 2 damage, and have 12/38 hp.
You hit the gnoll bouda but do no damage.
The gnoll bouda barely misses you.
You hit the gnoll bouda but do no damage.
Your tail-slap misses the gnoll bouda.
Your attacks no longer feel as feeble.
The gnoll bouda closely misses you.
You barely miss the gnoll bouda.
Your tail-slap misses the gnoll bouda.
The gnoll bouda misses you.
You hit the gnoll bouda but do no damage.
The gnoll bouda hits you but does no damage.
The gnoll bouda hits you with a +0 club.
* * * LOW HITPOINT WARNING * * *
You take 5 damage, and have 8/38 hp.
You hit the gnoll bouda but do no damage.
The gnoll bouda barely misses you.
You are too injured to fight recklessly!
Casting: Searing Ray (safe; 1% risk of failure)
Confirm with . or Enter, or press ? or * to list all spells.
Aiming: Magic Dart (safe; 1% risk of failure)
Press: ? - help, Shift-Dir - straight line, f/p - gnoll bouda
Aim: a gnoll bouda, wielding a +0 club and wearing the +1 ring mail "Oseu" {rElec Str+2 Slay-5} (heavily wounded, 100% to hit)
The magic dart hits the gnoll bouda.
The gnoll bouda closely misses you.
You now have 0/11 mp.
You are too injured to fight recklessly!
You closely miss the gnoll bouda.
The gnoll bouda gazes fiercely through you!
You feel your attacks grow feeble. The gnoll bouda closely misses you.
You hit the gnoll bouda but do no damage.
The gnoll bouda hits you with a +0 club.
* * * LOW HITPOINT WARNING * * *
You take 4 damage, and have 4/38 hp.
b - a +0 rapier (weapon)
The gnoll bouda barely misses you.
You barely miss the gnoll bouda.
Your tail-slap misses the gnoll bouda.
The gnoll bouda hits you but does no damage.
You hit the gnoll bouda but do no damage.
The gnoll bouda hits you with a +0 club.
* * * LOW HITPOINT WARNING * * *
You take 3 damage, and have 1/38 hp.
Casting: Magic Dart (safe; 1% risk of failure)
Confirm with . or Enter, or press ? or * to list all spells.
You don't have enough magic to cast this spell.
Unknown command.
Casting: Magic Dart (safe; 1% risk of failure)
Confirm with . or Enter, or press ? or * to list all spells.
Aiming: Magic Dart (safe; 1% risk of failure)
Press: ? - help, Shift-Dir - straight line, f/p - gnoll bouda
Aim: a gnoll bouda, wielding a +0 club and wearing the +1 ring mail "Oseu" {rElec Str+2 Slay-5} (severely wounded, 100% to hit)
The magic dart hits the gnoll bouda.
The gnoll bouda hits you with a +0 club.
You die...

#.......#####.#
#......<....#.#
.......#.##..<#
.......#..#..## #.
....... #.#..# #... .
...#### #....##.....
.... ##).........
.....#######..).......
.......@g.)...........
.....#######..........
... #.....#...... #
###.###.#...... #...#
#.#...... #...# #..
..... #..## ###..>.g.
###..# .. #....# #.


You could see a gnoll bouda.

Vanquished Creatures
  A scorpion zombie (D:3)
  A hound skeleton (D:3)
  8 gnolls
  4 adders
  A howler monkey skeleton (D:3)
  An adder zombie (D:3)
  2 worms
  3 dart slugs
  3 orcs (D:3)
  6 ball pythons
  3 bats
  9 endoplasms
  4 giant cockroaches
  6 hobgoblins
  2 jackals (D:1)
  5 kobolds
  A quokka (D:3)
  3 ball python zombies (D:3)
  3 frilled lizards
  7 goblins
  3 rats
76 creatures vanquished.

Notes
Turn   | Place    | Note
-------+----------+-------------------------------------------
     0 | D:1      | IndexError the Draconian Conjurer began the quest for the
                  | Orb.
     0 | D:1      | Reached XP level 1. HP: 14/14 MP: 3/3
   241 | D:1      | Reached XP level 2. HP: 20/20 MP: 1/5
  1013 | D:2      | Reached XP level 3. HP: 26/26 MP: 2/7
  1016 | D:2      | Learned a level 2 spell: Searing Ray
  1601 | D:2      | Reached skill level 3 in Spellcasting
  2168 | D:3      | Reached XP level 4. HP: 29/33 MP: 1/8
  2270 | D:3      | Found a sacrificial altar of Ru.
  2425 | D:3      | Found a runed translucent gate.
  2429 | D:3      | Noticed Graphine's ghost (amateur MfBr)
  2431 | D:3      | Found a runed translucent gate.
  2432 | D:3      | Found a runed translucent gate.
  2467 | D:3      | Reached skill level 5 in Conjurations
  3235 | D:3      | Reached XP level 5. HP: 35/38 MP: 4/10
  3571 | D:3      | Reached skill level 4 in Spellcasting
  3966 | D:4      | Identified the +1 ring mail "Oseu" {rElec Str+2 Slay-5}
  4033 | D:4      | HP: 8/38 [gnoll bouda/+0 club (6)]
  4040 | D:4      | HP: 1/38 [gnoll bouda/+0 club (3)]
  4041 | D:4      | Slain by a gnoll bouda

Illustrated notes

Levels and vault maps discovered:
D:1:      minmay_arrival_stair_chambers, layout_basic
D:2:      layout_loops_corners
D:3:      layout_loops_corners, hangedman_ru_absence, gammafunk_ghost_split,
          serial_undead, serial_undead_e, serial_undead_d, serial_undead_f,
          serial_undead_a, grunt_ministairs_2
D:4:      layout_rooms

Skill      XL: |  1  2  3  4  5 |
---------------+----------------+-----
Spellcasting   | 3 4 |  4.2
Conjurations   | 5 |  5.8
Dodging        | |  1.7
Stealth        | |  1.7

Action                     |  1- 3 |  4- 6 || total
---------------------------+-------+-------++-------
  Melee: Rapier            |    14 |     2 ||    16
         Unarmed           |     1 |       ||     1
         Staff             |       |    54 ||    54
         Tailslap          |       |     5 ||     5
   Cast: Magic Dart        |    76 |    78 ||   154
         Searing Ray       |     2 |     8 ||    10
   Stab: Sleeping          |     1 |       ||     1
 Armour: Skin              |    14 |    10 ||    24
  Dodge: Dodged            |    19 |    49 ||    68

Levels and vault maps discovered:
D:1:      minmay_arrival_stair_chambers, layout_basic
D:2:      layout_loops_corners
D:3:      layout_loops_corners, hangedman_ru_absence, gammafunk_ghost_split,
          serial_undead, serial_undead_e, serial_undead_d, serial_undead_f,
          serial_undead_a, grunt_ministairs_2
D:4:      layout_rooms

Table legend: (Time is in decaauts)
 A = Elapsed time spent in this place.
 B = Non-inter-level travel time spent in this place.
 C = Inter-level travel time spent in this place.
 D = Time resting spent in this place.
 E = Time spent auto-exploring this place.
 F = Levels seen in this place.
 G = Mean time per level.
                   A        B        C        D        E       F      G
               +--------+--------+--------+--------+--------+-----+--------+
         Total |   4055 |   3768 |    287 |      0 |   3311 |   4 | 1013.8 |
       Dungeon |   4055 |   3768 |    287 |      0 |   3311 |   4 | 1013.8 |
               +--------+--------+--------+--------+--------+-----+--------+

Top non-repeatable levels by time:
     D:3: 1660 daAuts
     D:2: 1271 daAuts
     D:1: 930 daAuts
     D:4: 194 daAuts

Table legend:
 A = Kills in this place as a percentage of kills in the entire game.
 B = Kills by you in this place as a percentage of kills by you in the entire game.
 C = Kills by friends in this place as a percentage of kills by friends in the entire game.
 D = Other kills in this place as a percentage of other kills in the entire game.
 E = Experience gained in this place as a percentage of experience gained in the entire game.
 F = Experience gained in this place divided by the number of levels of this place that you have seen.
                   A       B       C       D       E      F
               +-------+-------+-------+-------+-------+----------------------
         Total | 100.0 | 100.0 |   N/A |   N/A | 100.0 |  91.0
       Dungeon | 100.0 | 100.0 |   N/A |   N/A | 100.0 |  91.0
               +-------+-------+-------+-------+-------+----------------------
